Meepers, chaotic female orcish Barbarian --- ---- --.--|..| --...--..-- |...%.....------- | |<---.-.........| .- |.| |.......%--.--- ... |.| |--...^..--...----.... |.| |........%.........| |.| |...---------.^..--- |.| ---.| |....-- |.| --- ---- |.....--- |.| |...- |.......| |.- |.... --......| . -...---...---- )- -...f...-- --- |..@...-- |...---- ----- Meepers the Pillager Experience level: 5 Strength: 18/02 Dexterity: 16 Constitution: 18 Intelligence: 8 Wisdom: 6 Charisma: 6 Health: 0(44) Energy: 9(9) Def: 5 Gold: 381 Moves: 1512 Dungeon seed: qfuxMd7428Tx--82 Game ID: Meepers_1496478138 Your Inventory: Coins $ - 381 gold pieces Weapons a - a +0 two-handed sword (weapon in hands) b - a +0 axe (alternate weapon; not wielded) s - a blessed +1 dagger u - 25 +0 darts Armor e - an uncursed +0 orcish ring mail (being worn) n - an uncursed +0 orcish helm (being worn) y - an uncursed +0 dwarvish cloak (being worn) Y - an uncursed +0 pair of iron shoes (being worn) Comestibles c - 4 uncursed food rations d - an uncursed fortune cookie l - an uncursed slime mold Scrolls g - an uncursed scroll of identify p - an uncursed scroll of teleportation w - an uncursed scroll of magic mapping B - an uncursed scroll of enchant weapon Spellbooks j - an uncursed spellbook of astral eyesight m - an uncursed spellbook of levitation Potions k - an uncursed potion of levitation o - an uncursed potion of paralysis Wands h - a wand of light (0:10) Tools i - an uncursed towel t - an uncursed tin opener v - a +0 pick-axe x - an uncursed tallow candle (0:200) A - 7 uncursed wax candles (0:400) Gems q - an uncursed worthless piece of green glass r - 2 uncursed worthless pieces of violet glass z - an uncursed worthless piece of yellow glass C - an uncursed jacinth stone D - an uncursed obsidian stone N - an uncursed black opal Spells and supernatural/magical abilities: Name Level Category Fail Memory W - pray for help -- divine ? -- Your skills at the end: Fighting Skills bare handed combat [Basic] Weapon Skills axe [Basic] two-handed sword [Basic] Spellcasting Skills Final Attributes: You were piously aligned. You were poison resistant. You had infravision. You are dead. Vanquished creatures: 2 dwarf lords a pony 5 gnome lords a kitten 3 dwarves an iguana 4 manes 2 giant rats a yellow mold 14 gnomes 3 geckos a jackal 2 foxes 2 kobolds a goblin 3 grid bugs 2 lichens a newt 49 creatures vanquished. Voluntary challenges: You used a wielded weapon 41 times, starting on turn 43. You read items or engraved 2 times, starting on turn 756. You never genocided any monsters. You never polymorphed an object. You never changed form. You used no wishes. You never split a pudding. You wrote Elbereth's name 2 times, starting on turn 756. You never violated your personal moral code. Dungeon overview: The Dungeons of Doom: levels 1 to 4 Level 1 a long staircase Level 2 a scroll shop Level 3 Level 4 a fountain stairs to The Gnomish Mines The Gnomish Mines: levels 5 to 6 Level 5 stairs to The Dungeons of Doom Level 6 <- You were here History has recorded: On T:1 you entered the Dungeons of Doom to retrieve the Amulet of Yendor! On T:67 you reached level 2 of The Dungeons of Doom. On T:251 you reached level 3 of The Dungeons of Doom. On T:419 you advanced to experience level 2. On T:500 you reached level 4 of The Dungeons of Doom. On T:654 you reached level 1 of The Gnomish Mines. On T:686 you advanced to experience level 3. On T:768 you advanced to experience level 4. On T:1283 you reached level 2 of The Gnomish Mines. On T:1390 you advanced to experience level 5. Score breakdown: Gold: 381 ( 8783 points) Experience: 5 levels (11141 points) Exploration: 6 levels ( 11.54%) ( 9393 points) Discoveries: 2 items ( 0.80%) ( 2688 points) Valuables value: (no points given unless you survive) Artifact value: 0 ( 0 points) Variety of kills: 18 monsters ( 4.70%) ( 6503 points) Turncount: 1512 turns ( 0 points) Survival: died (score multiplied by 80%) Total score: 30806 Latest messages: You miss the gnome. You kill the gnome! You find an arrow trap. The gnome wields a dagger! The gnome picks up a few items from the floor. You kill the gnome! There are several objects here. You are beginning to feel hungry. Please move the cursor to an unknown object. A housecat [seen: normal vision, infravision] on the floor of a room. You hear a crunching sound. You miss the housecat. The housecat bites! You miss the housecat. The housecat bites! You miss the housecat. The housecat bites! (2x) You smite the housecat! The housecat bites! You begin praying to Set. The housecat bites! You die... For some reason, you think that you can almost hear the Wizard laugh manically... Final status: Goodbye Meepers the Barbarian, killed by a housecat, while praying... You died in The Gnomish Mines on dungeon level 6 with 30806 points, and 381 pieces of gold, after 1512 moves. You were level 5 with a maximum of 44 hit points when you died.